 Dungeon Crawl Stone Soup version 0.30-a0-3-gc9032a9cac (webtiles) character file.

Game seed: 11153012431448823239

1104 BritishOli the Trooper (level 8, 0/63 HPs)
             Began as a Demonspawn Fighter on Aug 20, 2022.
             Slain by a bullfrog (5 damage)
             ... on level 4 of the Dungeon.
             The game lasted 00:03:44 (2644 turns).

BritishOli the Trooper (Demonspawn Fighter)         Turns: 2644, Time: 00:03:44

Health: 0/63       AC:  0    Str: 18    XL:     8   Next: 11%
Magic:  8/8        EV:  9    Int: 11    God:
Gold:   112        SH: 12    Dex: 18    Spells: 7/7 levels left

rFire   . . .      SeeInvis .    a - +0 long sword
rCold   . . .      Faith    .    c - +0 buckler
rNeg    . . .      Spirit   .    b - +0 scale mail
rPois   .          Reflect  .    (no helmet)
rElec   .          Harm     .    (no cloak)
rCorr   .          Rampage  .    p - +0 pair of gloves
Will    .....                    (no boots)
Stlth   ..........               g - amulet of regeneration
HPRegen 1.00/turn                n - +6 ring of dexterity
MPRegen 0.11/turn                (no ring)

@: mighty, corroded
A: large bone plates 2, powered by pain 1, spiny 2
a: no special abilities


You were on level 4 of the Dungeon.
You visited 1 branch of the dungeon, and saw 4 of its levels.
You also visited: Ossuary.

You collected 112 gold pieces.

Inventory:

Hand Weapons
 a - a +0 long sword (weapon)
Armour
 b - a +0 scale mail (worn)
 c - a +0 buckler (worn)
 p - a +0 pair of gloves (worn)
Jewellery
 g - an amulet of regeneration (around neck)
 n - a +6 ring of dexterity (left hand)
 w - a +6 ring of strength
Wands
 y - a wand of roots (2)
Scrolls
 h - 3 scrolls of teleportation {unknown}
 i - a scroll of butterflies {unknown}
 j - 2 scrolls of immolation {unknown}
 k - a scroll of blinking {unknown}
 m - a scroll of torment {unknown}
 o - 2 scrolls of identify {unknown}
 q - 4 scrolls of magic mapping {unknown}
 t - a scroll of acquirement {unknown}
 v - a scroll of noise {unknown}
 x - a scroll of enchant armour {unknown}
 D - a scroll of poison {unknown}
 E - a scroll of enchant weapon {unknown}
Potions
 d - a potion of might
 e - 2 potions of curing {unknown}
 f - a potion of brilliance {unknown}
 l - 2 potions of heal wounds {unknown}
 r - a potion of magic {unknown}
 s - a potion of mutation {unknown}
 u - a potion of cancellation {unknown}
 z - a potion of berserk rage {unknown}
 A - a potion of resistance {unknown}
 B - 2 potions of degeneration {unknown}
 C - 2 potions of ambrosia {unknown}


   Skills:
 + Level 5.6 Fighting
 + Level 4.6 Long Blades
 + Level 5.1 Armour
 + Level 5.0 Shields


You had 7 spell levels left.
You didn't know any spells.
Your spell library contained the following spells:

 Spells                   Type           Power      Damage    Failure   Level
 Call Canine Familiar     Summ           0%         N/A       99%         3
 Portal Projectile        Hex/Tloc       0%         N/A       99%         3
 Leda's Liquefaction      Hex/Erth       0%         N/A       100%        4


Dungeon Overview and Level Annotations

Branches:
Dungeon (4/15)            Ossuary (visited)
 Temple: D:4-7

Altars:


Innate Abilities, Weirdness & Mutations

You are mostly covered in large bone plates. (SH +6)
You sometimes gain a little power by taking damage.
You are mostly covered in sharp spines.


Message History

You are too injured to fight recklessly!
A bullfrog is nearby!
You are too injured to fight recklessly!
A bullfrog is nearby!
You are too injured to fight recklessly!
You barely miss the bullfrog.
The bullfrog is moderately wounded.
You block the bullfrog's attack. The bullfrog barely misses you.
You hit the bullfrog.
The bullfrog is moderately wounded.
The bullfrog is struck by your spines. The bullfrog hits you!
The bullfrog is struck by your spines. The bullfrog hits you.
You miss the bullfrog.
The bullfrog is almost dead.
The bullfrog misses you.
You barely miss the bullfrog.
The bullfrog is almost dead.
The bullfrog hits you.
* * * LOW HITPOINT WARNING * * *
The bullfrog hits you!
* * * LOW HITPOINT WARNING * * *
You focus on the pain.
You feel very mighty all of a sudden.
You barely miss the bullfrog.
The bullfrog is almost dead.
The bullfrog barely misses you. You block the bullfrog's attack.
You closely miss the bullfrog.
The bullfrog is almost dead.
The bullfrog hits you.
* * * LOW HITPOINT WARNING * * *
The bullfrog hits you!
* * * LOW HITPOINT WARNING * * *
Unknown command.
You hit the bullfrog.
The bullfrog is almost dead.
You block the bullfrog's attack.
You closely miss the bullfrog.
The bullfrog is almost dead.
The bullfrog hits you.
You die...

... .... ..... ....
.... . ..... #..###..
## ..
.....####..##..#
.###...
......#...##...#
.?.....
#...#........#
......# #
#..........##F....# #
##....#.)#.#@....# #
#........#......##
#####............####
#...............##
..)..##.#.......#
..)............##
)....##.......##
....###.......# ....#
#..##...#


You could see a bullfrog.

Vanquished Creatures
  Grinder (D:3)
  Duvessa (D:4)
  3 elf zombies
  An elf skeleton (D:4)
  Dowan (D:4)
  3 centaur zombies (Ossuary)
  A hound (D:4)
  A jelly (D:4)
  2 human zombies (Ossuary)
  Jessica (D:3)
  An orc wizard (D:3)
  A human skeleton (D:4)
  2 mummies (Ossuary)
  Robin (D:3)
  5 adders
  An adder zombie (Ossuary)
  A worm (D:3)
  2 dart slugs
  4 orcs
  7 bats
  8 endoplasms
  6 giant cockroaches
  17 goblins
  5 hobgoblins
  5 quokkas
  6 ball pythons
  2 frilled lizards (D:2)
  9 hobgoblin zombies (Ossuary)
  2 jackal zombies (Ossuary)
  7 kobolds
  9 kobold zombies (Ossuary)
  An orc skeleton (D:4)
  9 orc zombies (Ossuary)
  6 rats
  A rat zombie (Ossuary)
133 creatures vanquished.

Notes
Turn   | Place    | Note
-------+----------+-------------------------------------------
     0 | D:1      | BritishOli the Demonspawn Fighter began the quest for the
                  | Orb.
     0 | D:1      | Reached XP level 1. HP: 18/18 MP: 1/1
   339 | D:1      | Gained mutation: You are partially covered in sharp spines.
                  | [demonic ancestry]
   339 | D:1      | Reached XP level 2. HP: 24/24 MP: 2/2
   883 | D:2      | Reached XP level 3. HP: 29/29 MP: 3/3
   993 | D:2      | Found a faded altar of an unknown god.
  1419 | D:3      | Noticed Grinder
  1425 | D:3      | Paralysed by Grinder for 4 turns
  1436 | D:3      | Gained mutation: You are partially covered in large bone
                  | plates. (SH +4) [demonic ancestry]
  1436 | D:3      | Reached XP level 4. HP: 20/35 MP: 4/4
  1460 | D:3      | Paralysed by Grinder for 4 turns
  1468 | D:3      | Killed Grinder
  1469 | D:3      | Gained mutation: You are mostly covered in sharp spines.
                  | [demonic ancestry]
  1469 | D:3      | Reached XP level 5. HP: 33/42 MP: 5/5
  1469 | D:3      | Gained mutation: You sometimes gain a little power by
                  | taking damage. [demonic ancestry]
  1469 | D:3      | Reached XP level 6. HP: 38/48 MP: 6/6
  1503 | D:3      | Noticed Jessica
  1507 | D:3      | Killed Jessica
  1616 | D:3      | Noticed Robin
  1633 | D:3      | Killed Robin
  2209 | D:4      | Reached XP level 7. HP: 55/55 MP: 7/7
  2230 | D:4      | Found a sand-covered staircase.
  2267 | Ossuary  | Entered an ossuary
  2342 | Ossuary  | Reached skill level 5 in Fighting
  2545 | D:4      | Noticed Duvessa
  2545 | D:4      | Noticed Dowan
  2552 | D:4      | Killed Duvessa
  2553 | D:4      | Reached skill level 5 in Armour
  2553 | D:4      | Gained mutation: You are mostly covered in large bone
                  | plates. (SH +6) [demonic ancestry]
  2553 | D:4      | Reached XP level 8. HP: 33/63 MP: 8/8
  2558 | D:4      | Killed Dowan
  2559 | D:4      | Reached skill level 5 in Shields
  2642 | D:4      | HP: 3/63 [bullfrog (9)]
  2644 | D:4      | Slain by a bullfrog

Illustrated notes

Levels and vault maps discovered:
D:1:      sevenhm_arrival_forest_fort_small_6, layout_basic, minivault_11,
          minivault_25, kennysheep_pointless_box
D:2:      layout_basic, shapermc_ecumenical_altar_starsandcircs, basic_altar
D:3:      layout_loops_ring, kennysheep_nub, st_stairs_7, minmay_misc_feat_tiny,
          uniq_robin, uniq_grinder, uniq_jessica
D:4:      layout_cave_pools, nicolae_ossuary_entry_catacombs, uniq_duvessa,
          uniq_eustachio

Skill      XL: |  1  2  3  4  5  6  7  8 |
---------------+-------------------------+-----
Long Blades    | 2 3 4 |  4.6
Armour         | 3 4 5 |  5.1
Shields        | 3 4 5 |  5.0
Fighting       | 4 5 |  5.6

Action                   |  1- 3 |  4- 6 |  7- 9 || total
-------------------------+-------+-------+-------++-------
Melee: Long sword        |    82 |   108 |   142 ||   332
Armor: Scale mail        |    42 |    33 |    39 ||   114
Dodge: Dodged            |    29 |    23 |    40 ||    92
Block: Buckler           |    24 |    46 |    63 ||   133

Table legend: (Time is in decaauts)
 A = Elapsed time spent in this place.
 B = Non-inter-level travel time spent in this place.
 C = Inter-level travel time spent in this place.
 D = Time resting spent in this place.
 E = Time spent auto-exploring this place.
 F = Levels seen in this place.
 G = Mean time per level.
                   A        B        C        D        E       F      G
               +--------+--------+--------+--------+--------+-----+--------+
         Total |   2732 |   2684 |     48 |     41 |   1875 |   5 |  546.4 |
       Dungeon |   2465 |   2417 |     48 |     41 |   1781 |   4 |  616.2 |
       Ossuary |    267 |    267 |      0 |      0 |     94 |   1 |  267.0 |
               +--------+--------+--------+--------+--------+-----+--------+

Top non-repeatable levels by time:
     D:3: 807 daAuts
     D:1: 707 daAuts
     D:2: 663 daAuts
     D:4: 287 daAuts
 Ossuary: 267 daAuts
